 Dungeon Crawl Stone Soup version 0.30.0-2-g1aa4bd4387 (webtiles) character file.

Game seed: 7885360777581986648

77 Byczy the Skirmisher (level 4, -3/57 HPs)
             Began as a Gnoll Hunter on May 7, 2023.
             Slain by a gnoll
             ... wielding a +0 halberd
              (8 damage)
             ... on level 3 of the Dungeon.
             The game lasted 00:07:53 (1419 turns).

Byczy the Skirmisher (Gnoll Hunter)                 Turns: 1419, Time: 00:07:53

Health: -3/57      AC:  3    Str: 10    XL:     4   Next: 34%
Magic:  5/5        EV: 14    Int:  8    God:
Gold:   123        SH:  0    Dex: 18    Spells: 5/5 levels left

rFire   + . .        a - +0 shortbow
rCold   + . .        (shield currently unavailable)
rNeg    . . .        c - +0 leather armour
rPois   .            (no helmet)
rElec   .            m - scarf {rC+ rF+}
rCorr   .            (no gloves)
SInv    .            (no boots)
Will    .....        (no amulet) Stlth
                     (no ring)
HPRegen 0.29/turn    (no ring)
MPRegen 0.09/turn

%: no passive effects
@: brilliant, berserking, very quick
A: fangs 1, strong nose, distributed training
a: no special abilities


You were on level 3 of the Dungeon.
You visited 1 branch of the dungeon, and saw 3 of its levels.

You collected 123 gold pieces.

Inventory:

Hand Weapons
 a - a +0 shortbow (weapon)
 l - a +2 dagger of distortion
 q - a +1 trident of venom
Armour
 c - a +0 leather armour (worn)
 m - a scarf of resistance (worn)
Jewellery
 d - a ring of ice
Scrolls
 b - 4 scrolls of immolation
 e - 4 scrolls of identify {unknown}
 j - 2 scrolls of teleportation {unknown}
 k - a scroll of poison {unknown}
 n - a scroll of noise {unknown}
 o - a scroll of fear {unknown}
Potions
 f - a potion of ambrosia {unknown}
 g - a potion of curing {unknown}
 i - 2 potions of brilliance
 p - a potion of degeneration {unknown}


   Skills:
 + Level 4.6 Fighting
 + Level 1.1 Short Blades
 + Level 1.1 Long Blades
 + Level 1.1 Axes
 + Level 1.1 Maces & Flails
 + Level 1.1 Polearms
 + Level 1.1 Staves
 + Level 8.5 Ranged Weapons
 + Level 1.1 Throwing
 + Level 1.1 Armour
 + Level 4.6 Dodging
 + Level 2.5 Stealth
 + Level 1.1 Shields
 + Level 1.1 Unarmed Combat
 + Level 1.1 Spellcasting
 + Level 0.9 Conjurations
 + Level 0.9 Hexes
 + Level 0.9 Summonings
 + Level 0.9 Necromancy
 + Level 0.9 Translocations
 + Level 0.9 Transmutations
 + Level 0.9 Fire Magic
 + Level 0.9 Ice Magic
 + Level 0.9 Air Magic
 + Level 0.9 Earth Magic
 + Level 0.9 Poison Magic
 + Level 1.2 Invocations
 + Level 1.1 Evocations


You had 5 spell levels left.
You didn't know any spells.
Your spell library was empty.

Dungeon Overview and Level Annotations

Branches:
Dungeon (3/15)

Altars:


Innate Abilities, Weirdness & Mutations

You have very sharp teeth.
Your uncanny sense of smell can sniff out nearby items.
Your experience applies equally to all skills.


Message History

The gnoll misses you. The gnoll closely misses you.
The gnoll hits you with a +0 flail!
The gnoll hits you from afar with a +0 spear.
Fire: a) +0 shortbow
Press: ? - help, Q - select action Shift-Dir - straight line, f/p - gnoll
Aim: a gnoll, wielding a +0 flail (moderately wounded, 70% to hit)
You shoot an arrow. The arrow closely misses the gnoll.
A hobgoblin comes into view.
The gnoll hits you with a +0 flail. The gnoll closely misses you.
Fire: a) +0 shortbow
Press: ? - help, Q - select action Shift-Dir - straight line, f/p - gnoll
Aim: a gnoll, wielding a +0 flail (moderately wounded, 70% to hit)
You shoot an arrow. The arrow hits the gnoll!
The gnoll is almost dead.
The gnoll closely misses you. The gnoll misses you. x2
Unknown command.
It was a potion of brilliance.
You feel clever all of a sudden. The gnoll hits you with a +0 whip.
The gnoll hits you from afar with a +0 halberd.
* * * LOW HITPOINT WARNING * * *
The gnoll hits you but does no damage.
The gnoll hits you from afar with a +0 spear.
* * * LOW HITPOINT WARNING * * *
Unknown command.
It was a potion of berserk rage.
A red film seems to cover your vision as you go berserk!
You feel yourself moving faster!
You feel mighty! The gnoll completely misses you.
The gnoll closely misses you. x2
The gnoll barely misses you.
Unknown command.
You are too berserk!
You are too berserk!
Really attack while wielding your +0 shortbow?
You hit the gnoll!
You kill the gnoll!
The gnoll hits you from afar with a +0 spear.
* * * LOW HITPOINT WARNING * * *
The gnoll hits you from afar with a +0 halberd!
You die...

######...#.....##.
#...#........#.....##. .
#............'........
.##...#.####...########.
....>#. #.### #. #g..#.
#.# #. #.##.....####.##
#. ......g##g.....# #.
#†.g)@......# ##
.....#g##......# ### #.
#......# .. #......# .#.
######## .##. .+ .. ..
#. ∆


You could see 3 gnolls and 2 hobgoblins.

Vanquished Creatures
  4 adders
  A gnoll (D:3)
  2 dart slugs
  2 ball pythons
  3 bats
  2 endoplasms (D:2)
  A giant cockroach (D:2)
  4 goblins
  5 hobgoblins
  6 kobolds
  2 quokkas (D:2)
  2 frilled lizards (D:1)
  3 rats
37 creatures vanquished.

Notes
Turn   | Place    | Note
-------+----------+-------------------------------------------
     0 | D:1      | Byczy the Gnoll Hunter began the quest for the Orb.
     0 | D:1      | Reached XP level 1. HP: 20/20 MP: 1/1
    36 | D:1      | Found a faded altar of an unknown god.
   267 | D:1      | Reached XP level 2. HP: 26/26 MP: 2/2
   906 | D:2      | Reached XP level 3. HP: 31/31 MP: 3/3
   952 | D:2      | Reached skill level 1 in Invocations
  1092 | D:2      | Reached skill level 1 in Short Blades
  1092 | D:2      | Reached skill level 1 in Long Blades
  1092 | D:2      | Reached skill level 1 in Axes
  1092 | D:2      | Reached skill level 1 in Maces & Flails
  1092 | D:2      | Reached skill level 1 in Polearms
  1092 | D:2      | Reached skill level 1 in Staves
  1092 | D:2      | Reached skill level 1 in Throwing
  1092 | D:2      | Reached skill level 1 in Armour
  1092 | D:2      | Reached skill level 1 in Shields
  1092 | D:2      | Reached skill level 1 in Unarmed Combat
  1092 | D:2      | Reached skill level 1 in Spellcasting
  1092 | D:2      | Reached skill level 1 in Evocations
  1399 | D:3      | Reached XP level 4. HP: 38/38 MP: 5/5
  1419 | D:3      | Slain by a gnoll

Illustrated notes

Levels and vault maps discovered:
D:1:      tarquinn_simple_flora_water_d, layout_basic, basic_ecumenical_altar,
          serial_bayou_pond_b, dk_noncrumbling_4, feat_on_display
D:2:      kennysheep_big_flooded_room, layout_rooms
D:3:      layout_basic, eino_tiny_chamber, minmay_crystal_room,
          minmay_diced_spiral

Skill      XL: |  1  2  3 |
---------------+----------+-----
Invocations    | 1 |  1.2
Short Blades   | 1 |  1.1
Long Blades    | 1 |  1.1
Axes           | 1 |  1.1
Maces & Flails | 1 |  1.1
Polearms       | 1 |  1.1
Staves         | 1 |  1.1
Throwing       | 1 |  1.1
Armour         | 1 |  1.1
Shields        | 1 |  1.1
Unarmed Combat | 1 |  1.1
Spellcasting   | 1 |  1.1
Evocations     | 1 |  1.1
Fighting       | |  4.6
Ranged Weapons | |  8.5
Dodging        | |  4.6
Stealth        | |  2.5
Conjurations   | |  0.9
Hexes          | |  0.9
Summonings     | |  0.9
Necromancy     | |  0.9
Translocations | |  0.9
Transmutations | |  0.9
Fire Magic     | |  0.9
Ice Magic      | |  0.9
Air Magic      | |  0.9
Earth Magic    | |  0.9
Poison Magic   | |  0.9

Action                     |  1- 3 |  4- 6 || total
---------------------------+-------+-------++-------
  Melee: Shortbow          |       |     1 ||     1
   Fire: Shortbow          |    85 |    15 ||   100
    Use: Potion            |       |     2 ||     2
 Armour: Leather armour    |     2 |     3 ||     5
  Dodge: Dodged            |    12 |    16 ||    28
